Map: Alcyone LE

Players

crazyelf - Winner!

  • Race: Terran Terran
  • League: Gold
  • Spawn Location: 7:00

ShadowHoks

  • Race: Terran Terran
  • League: Master
  • Spawn Location: 1:00

VOD

Have the link to the VOD?

Description

tvp

Time

  • Played on: Oct. 22, 2024, 7:57 p.m.
  • Length: 14:31
Show
View Real Time Build Order
Export as new Build Order

crazyelf Terran - Winner!

Build Orders:  

Get SALT Encoding   

  12  0:00  SCV  
  13  0:12  SCV  
  14  0:16  Supply Depot  
  14  0:24  SCV  
  15  0:38  SCV  
  16  0:43  Barracks  
  16  0:50  SCV  
  17  1:02  SCV  
  18  1:14  SCV  
  19  1:22  Engineering Bay  
  19  1:26  SCV  
  19  1:30  Marine  
  19  1:31  Supply Depot  
  21  1:37  Engineering Bay  
  21  1:39  SCV  
  22  1:42  Supply Depot  
  22  1:48  Marine  
  22  1:49  Refinery  
  22  1:51  Orbital Command  
  23  2:06  Marine  
  23  2:08  Refinery  
  24  2:19  SCV  
  25  2:27  Marine  
  26  2:31  SCV  
  27  2:38  Command Center  
  27  2:43  SCV  
  28  2:46  Barracks Tech Lab  
  28  2:55  SCV  
  29  2:59  Terran Infantry Armor Level 1  
  28  3:07  SCV  
  28  3:12  Combat Shield, Marine  
  29  3:19  SCV  
  30  3:23  Supply Depot  
  30  3:30  Terran Infantry Weapons Level 1, Marine  
  30  3:31  SCV  
  32  3:39  Barracks  
  32  3:43  SCV, Barracks  
  32  3:47  Supply Depot  
  33  3:55  SCV, Refinery  
  32  3:56  Marine  
  32  4:01  SCV  
  34  4:08  SCV  
  35  4:10  Refinery  
  35  4:14  Supply Depot, Marine  
  37  4:20  SCV  
  37  4:21  Orbital Command  
  37  4:26  Factory  
  37  4:31  Factory  
  37  4:32  SCV  
  37  4:36  Stimpack  
  37  4:48  Marine  
  38  4:53  SCV x2  
  40  5:05  SCV x2  
  40  5:06  Marine  
  43  5:09  Hellion  
  45  5:16  Factory Tech Lab  
  45  5:17  SCV  
  45  5:18  SCV  
  47  5:22  Barracks Reactor x2  
  47  5:24  Marine  
  47  5:27  Barracks  
  48  5:29  SCV  
  48  5:30  SCV  
  50  5:36  Supply Depot  
  50  5:41  SCV  
  50  5:42  SCV, Marine  
  53  5:45  Factory Tech Lab  
  53  5:46  Siege Tank  
  56  5:54  SCV x2  
  58  6:00  Marine  
  58  6:01  Marine  
  58  6:02  Marine x3  
  58  6:03  Missile Turret  
  63  6:06  SCV x2, Widow Mine  
  67  6:11  Missile Turret  
  67  6:14  Supply Depot  
  67  6:18  SCV x2, Marine, Siege Tank  
  73  6:19  Marine  
  74  6:26  Missile Turret  
  74  6:30  SCV x2  
  76  6:35  Marine  
  76  6:38  Concussive Shells  
  77  6:42  SCV x2  
  77  6:45  Command Center  
  79  6:52  Starport  
  79  6:54  SCV x2, Siege Tank x2  
  87  7:06  SCV x2  
  87  7:07  Marine x2  
  87  7:08  Marine x2  
  93  7:14  Missile Turret  
  93  7:18  SCV  
  94  7:30  Refinery  
  94  7:31  Supply Depot  
  94  7:34  Supply Depot  
  94  7:35  Refinery  
  94  7:38  Supply Depot  
  94  7:43  Armory  
  94  7:47  Armory  
  94  7:52  SCV, Marine x4, Siege Tank  
  94  7:53  Starport  
  94  7:56  Marauder, SCV, Siege Tank  
  108  8:04  SCV, Marine  
  110  8:08  SCV  
  110  8:12  SCV  
  112  8:16  SCV  
  112  8:19  Missile Turret, Barracks Tech Lab  
  113  8:20  SCV  
  113  8:21  Barracks  
  113  8:24  SCV, Siege Tank  
  118  8:27  Supply Depot  
  118  8:28  SCV, Siege Tank  
  118  8:30  Supply Depot  
  118  8:32  Supply Depot, SCV  
  121  8:36  SCV  
  118  8:48  SCV x2  
  116  8:58  Orbital Command  
  116  9:03  SCV x2  
  118  9:14  Terran Ship Weapons Level 1, Terran Vehicle And Ship Armor Level 1  
  118  9:15  SCV x2  
  120  9:17  Starport Tech Lab, Starport  
  120  9:18  Starport Tech Lab  
  120  9:27  SCV  
  121  9:34  Ghost Academy  
  121  9:37  Supply Depot, Hyperflight Rotors  
  121  9:42  Supply Depot x2  
  121  9:43  Supply Depot  
  121  9:44  Terran Infantry Armor Level 2, Terran Infantry Weapons Level 2  
  121  9:51  Fusion Core  
  121  9:56  Starport Tech Lab, SCV x2  
  121  9:57  Cloaking Field  
  123  10:08  Engineering Bay  
  123  10:13  Barracks Reactor  
  123  10:15  Barracks  
  123  10:18  Marine x3  
  123  10:19  Marauder  
  123  10:21  Siege Tank x2  
  134  10:33  Supply Depot  
  134  10:34  Marine  
  134  10:35  Marauder, Supply Depot, Caduceus Reactor  
  137  10:36  Marine x3  
  137  10:38  Supply Depot  
  137  10:39  Marine  
  137  10:40  Medivac x3  
  147  10:50  Ghost Academy  
  147  10:53  Nuke, Siege Tank x2  
  147  10:56  Ghost, Supply Depot  
  155  10:57  Marine x2  
  157  11:08  Terran Vehicle Weapons Level 1  
  157  11:25  Siege Tank x2  
  163  11:45  Banshee x2  
  163  11:46  Battlecruiser  
  175  11:57  Siege Tank  
  175  12:00  Neosteel Armor, Marine, Hi-Sec Auto Tracking  
  179  12:28  Battlecruiser  
  181  12:44  SCV x2, Marine  
  181  12:45  Marauder x2, Marine x2  
  181  12:46  Marine x4  
  181  12:47  Siege Tank x2  
  197  13:02  Marine  
  197  13:05  Marine  
  195  13:19  Siege Tank  
  175  13:48  Marauder  
  175  13:49  Marauder, Marine x7  
  192  14:07  Marine x6  
  196  14:10  Marauder  
Show
View Real Time Build Order
Export as new Build Order

ShadowHoks Terran 

Build Orders: Mech 

Get SALT Encoding   

  12  0:01  SCV  
  13  0:19  SCV  
  14  0:21  Supply Depot  
  14  0:31  SCV  
  14  0:34  Refinery  
  15  0:43  SCV  
  15  0:48  Barracks  
  16  0:55  SCV  
  17  1:07  SCV  
  18  1:25  SCV  
  18  1:26  Refinery  
  19  1:35  Marine  
  19  1:38  SCV  
  21  1:50  SCV  
  22  1:56  Supply Depot, Marine  
  22  2:28  Engineering Bay  
  22  2:32  Barracks Reactor  
  22  2:44  SCV  
  23  2:45  Command Center  
  23  2:56  Factory  
  23  3:08  Missile Turret  
  22  3:13  Marine  
  22  3:14  Marine  
  24  3:24  Terran Infantry Weapons Level 1  
  25  3:27  SCV  
  25  3:33  Marine  
  26  3:34  Marine  
  26  3:41  SCV  
  28  3:43  Cyclone  
  29  4:08  Marine x2  
  31  4:23  Factory Tech Lab  
  31  4:26  SCV  
  31  4:27  Missile Turret  
  31  4:29  SCV  
  32  4:53  Siege Tank  
  35  5:17  Starport  
  35  5:22  Terran Infantry Armor Level 1  
  35  5:25  Siege Tank  
  35  5:26  Factory  
  35  5:27  Factory  
  38  5:43  Armory  
  38  5:47  SCV  
  39  5:50  Marine x2  
  41  5:58  SCV  
  41  6:02  Siege Tank  
  45  6:10  SCV  
  46  6:25  Supply Depot  
  46  6:26  Supply Depot  
  46  6:30  Armory  
  46  6:39  Factory Tech Lab  
  46  6:40  Factory Tech Lab  
  50  6:47  Cyclone  
  50  6:50  Medivac  
  50  6:58  SCV x2  
  52  7:04  Supply Depot  
  52  7:05  Supply Depot  
  52  7:10  Terran Vehicle Weapons Level 1  
  52  7:16  Terran Infantry Weapons Level 2  
  52  7:18  Marine x2  
  52  7:22  SCV  
  56  7:27  Orbital Command  
  55  7:32  Cyclone x2  
  59  7:37  SCV  
  60  7:49  SCV  
  61  8:01  SCV x2  
  63  8:25  Medivac  
  48  8:55  Medivac  
  47  9:06  Siege Tank  
  47  9:07  Siege Tank  
  53  9:11  SCV x2  
  55  9:18  Refinery  
  55  9:21  Refinery  
  55  9:23  SCV  
  56  9:30  Command Center  
  56  9:35  Marine x2  
  58  9:40  Terran Vehicle And Ship Armor Level 1  
  58  9:56  Marine  
  58  9:57  Marine  
  60  10:00  Starport Tech Lab  
  60  10:02  Terran Infantry Armor Level 2  
  63  10:28  Siege Tank x2  
  66  10:37  SCV  
  66  10:38  SCV  
  68  10:49  SCV  
  69  10:50  SCV  
  70  11:01  SCV  
  71  11:12  SCV  
  71  11:18  Siege Tank x3  
  75  11:24  SCV  
  82  11:33  Terran Vehicle Weapons Level 2  
  82  11:36  SCV  
  80  11:58  Marine x2  
  81  12:28  Marine  
  70  12:53  Cyclone  
  70  12:54  Cyclone x2  
  69  13:06  Marine x2  
  63  13:43  Marine  
  63  14:01  Marine  
Tags
 
Composition
Mech
Matchup
TvT
Race
Terran
Spawn Locations
Cross Positions
Add a new tag
Caveats
  • Supply blocks, unpowered buildings, or Contaminate may cause inaccurate times.
  • Supply counts are checked every 10 seconds.